 Dungeon Crawl Stone Soup version 0.29.1-13-g9f3cf754e1 (webtiles) character file.

Game seed: 207904730148156049

1660134 LSt the Conqueror (level 27, 249/249 HPs)
             Began as a Formicid Fighter on Jan 28, 2023.
             Was a High Priest of Okawaru.
             Escaped with the Orb
             ... and 3 runes!
             The game lasted 07:54:36 (73519 turns).

LSt the Conqueror (Formicid Fighter)               Turns: 73519, Time: 07:54:37

Health: 249/249    AC: 53    Str: 39    XL:     27
Magic:  32/32      EV: 15    Int:  2    God:    Okawaru [*****.]
Gold:   8153       SH: 37    Dex: 13    Spells: 26/26 levels left

rFire   + + +      SeeInvis +   s - +9 great mace (drain)
rCold   + + +      Faith    .   I - +8 tower shield {AC+3}
rNeg    . . .      Spirit   .   v - +11 crystal plate armour of Ceurogra {Rampage Str+5 Int-5}
rPois   .          Reflect  +   (helmet unavailable)
rElec   +          Harm     .   N - scarf {rC+ rF+}
rCorr   +          Rampage  +   m - +2 pair of gloves {Str+3}
Will    +++..      Clarity  +   S - +2 pair of boots {rampage}
Stlth   ..........              K - amulet "Hycituh" {Reflect rElec rF+ Int+2 SH+5}
HPRegen 0.51/turn               b - ring of Rikk {rF+ rCorr}
MPRegen 0.23/turn               W - ring of Esearch {Fly rC++ Will+ Int-5}

@: flying, studying Summonings
A: permanent stasis, dig shafts and tunnels, antennae 3, four strong arms, fangs
1, clarity, deterioration 1, weak 1, inability to read after injury 1
0: Orb of Zot
}: 3/15 runes: decaying, silver, gossamer
a: Dig, Shaft Self, Renounce Religion, Heroism, Finesse, Duel


You escaped.
You worshipped Okawaru.
Okawaru was extremely pleased with you.
You visited 10 branches of the dungeon, and saw 48 of its levels.
You also visited: Trove, Bailey, Gauntlet, Wizlab and Desolation.

You collected 9820 gold pieces.
You spent 1667 gold pieces at shops.

Inventory:

Hand Weapons
 a - a +2 battleaxe of freezing
 n - a +3 great mace of flaming
 s - a +9 great mace of draining (weapon)
Missiles
 C - 20 atropa-tipped darts
 E - 3 throwing nets
 M - 12 curare-tipped darts (quivered)
 U - 19 javelins
Armour
 h - the +1 pair of boots of Discretion {*Corrode rF+ rC++ Will+}
   (Okawaru gifted it to you on level 2 of the Realm of Zot)

   rF:        It protects you from fire.
   rC:        It greatly protects you from cold.
   *Corrode:  It may corrode you when you take damage.
   Will:      It increases your willpower.
 m - a +2 pair of gloves of strength (worn)
 v - the +11 crystal plate armour of Ceurogra (worn) {Rampage Str+5 Int-5}
   (You acquired it on level 1 of the Orcish Mines)

   Str:       It affects your strength (+5).
   Int:       It affects your intelligence (-5).
   Rampage:   It bestows one free step when moving towards enemies.
 y - a +1 cloak of willpower
 I - a +8 tower shield of protection (worn)
 N - a scarf of resistance (worn)
 S - a +2 pair of boots of rampaging (worn)
Jewellery
 b - the ring of Rikk (left hand) {rF+ rCorr}
   (You bought it in a shop on level 2 of the Orcish Mines)

   [ring of resist corrosion]

   rF:        It protects you from fire.
   rCorr:     It protects you from acid and corrosion.
 i - a ring of willpower
 l - the ring "Xooxit" {rPois AC+4}
   (You found it in the Desolation of Salt)

   [ring of protection]

   AC:        It affects your AC (+4).
   rPois:     It protects you from poison.
 p - a ring of protection from cold
 D - an amulet of regeneration
 F - the ring "Zept" {rElec rC- rN+++ rCorr Dex+3}
   (You took it off a deep elf death mage on level 3 of the Elven Halls)

   [ring of resist corrosion]

   Dex:       It affects your dexterity (+3).
   rC:        It makes you vulnerable to cold.
   rElec:     It insulates you from electricity.
   rN:        It renders you almost immune to negative energy.
   rCorr:     It protects you from acid and corrosion.
 K - the amulet "Hycituh" (around neck) {Reflect rElec rF+ Int+2 SH+5}
   (You found it on level 4 of the Spider Nest)

   [amulet of reflection]

   It reflects blocked missile attacks.
   Int:       It affects your intelligence (+2).
   rF:        It protects you from fire.
   rElec:     It insulates you from electricity.
   SH:        It affects your SH (+5).
 L - a +6 ring of strength
 T - the ring "Jiyx" {Ice rElec}
   (You found it on level 13 of the Dungeon)

   [ring of ice]

   It enhances your ice magic.
   rF:        It makes you vulnerable to fire.
   rC:        It protects you from cold.
   rElec:     It insulates you from electricity.
 W - the ring of Esearch (right hand) {Fly rC++ Will+ Int-5}
   (You bought it in a shop on level 5 of the Vaults)

   [ring of flight]

   Int:       It affects your intelligence (-5).
   rC:        It greatly protects you from cold.
   Fly:       It grants you flight.
   Will:      It increases your willpower.
 X - a ring of positive energy
 Z - a ring of fire
Wands
 f - a wand of flame (32)
 w - a wand of acid (31)
 z - a wand of iceblast (49)
 A - a wand of digging (7)
 H - a wand of mindburst (45)
 P - a wand of polymorph (22)
Scrolls
 j - 5 scrolls of poison
 q - 4 scrolls of enchant weapon
 r - 11 scrolls of fear
 u - 7 scrolls of silence
 B - 6 scrolls of enchant armour
 G - 3 scrolls of immolation
 O - 4 scrolls of magic mapping
Potions
 c - 11 potions of attraction
 d - 11 potions of might
 e - 4 potions of resistance
 g - 6 potions of mutation
 k - 9 potions of ambrosia
 o - 6 potions of cancellation
 t - 26 potions of curing
 x - 3 potions of invisibility
 J - 11 potions of magic
 Q - 11 potions of heal wounds
 V - 4 potions of flight
 Y - 6 potions of lignification
Miscellaneous
 R - a tin of tremorstones (2/2)


   Skills:
 O Level 27 Fighting
 O Level 27 Maces & Flails
 O Level 27 Armour
 + Level 15.1 Dodging
 O Level 27 Shields
 - Level 13.0 Invocations
 - Level 3.1 Evocations


You had 26 spell levels left.
You didn't know any spells.
Your spell library contained the following spells:

 Spells                   Type           Power      Damage    Failure   Level
 Apportation              Tloc           0%         N/A       94%         1
 Beastly Appendage        Tmut           0%         N/A       94%         1
 Necrotise                Necr           0%         1d4       94%         1
 Slow                     Hex            0%         N/A       94%         1
 Ensorcelled Hibernation  Hex/Ice        0%         N/A       98%         2
 Scorch                   Fire           0%         2d5       98%         2
 Static Discharge         Conj/Air       0%         3-3/arc   98%         2
 Sublimation of Blood     Necr           0%         N/A       98%         2
 Wereblood                Tmut           0%         N/A       98%         2
 Confusing Touch          Hex            0%         N/A       100%        3
 Conjure Flame            Conj/Fire      0%         6-21      100%        3
 Frozen Ramparts          Ice            0%         1d1       100%        3
 Ignite Poison            Fire/Tmut/Pois 0%         N/A       100%        3
 Lesser Beckoning         Tloc           0%         N/A       100%        3
 Spider Form              Tmut/Pois      0%         N/A       100%        3
 Vampiric Draining        Necr           0%         2d6       100%        3
 Airstrike                Air            0%         2d(0-16)  100%        4
 Anguish                  Hex/Necr       0%         N/A       100%        4
 Dispel Undead            Necr           0%         3d6       100%        4
 Flame Wave               Conj/Fire      0%         2d4       100%        4
 Hailstorm                Conj/Ice       0%         3d3       100%        4
 Ice Form                 Ice/Tmut       0%         N/A       100%        4
 Iskenderun's Mystic Bla  Conj/Tloc      0%         2d3       100%        4
 Leda's Liquefaction      Hex/Erth       0%         N/A       100%        4
 Petrify                  Tmut/Erth      0%         N/A       100%        4
 Sticky Flame             Conj/Fire      0%         2d3       100%        4
 Agony                    Necr           0%         N/A       100%        5
 Alistair's Intoxication  Tmut/Pois      0%         N/A       100%        5
 Blade Hands              Tmut           0%         N/A       100%        5
 Borgnjor's Vile Clutch   Necr/Erth      0%         N/A       100%        5
 Fireball                 Conj/Fire      0%         3d3       100%        5
 Irradiate                Conj/Tmut      0%         3d11      100%        5
 Lee's Rapid Deconstruct  Erth           0%         3d5*      100%        5
 Lightning Bolt           Conj/Air       0%         1d11      100%        5
 Manifold Assault         Tloc           0%         N/A       100%        5
 Conjure Ball Lightning   Conj/Air       0%         3x3d6     100%        6
 Eringya's Noxious Bog    Tmut/Pois      0%         N/A       100%        6
 Iron Shot                Conj/Erth      0%         9d1       100%        6
 Starburst                Conj/Fire      0%         6d3       100%        6
 Statue Form              Tmut/Erth      0%         N/A       100%        6
 Dragon Form              Tmut           0%         N/A       100%        7
 Enfeeble                 Hex            0%         N/A       100%        7
 Orb of Destruction       Conj           0%         9d5       100%        7
 Storm Form               Tmut/Air       0%         N/A       100%        7
 Discord                  Hex            0%         N/A       100%        8
 Disjunction              Tloc           0%         N/A       100%        8
 Ignition                 Fire           0%         3d3       100%        8
 Fire Storm               Conj/Fire      0%         5d1       100%        9
 Polar Vortex             Ice            0%         N/A       100%        9
 Summon Small Mammal      Summ           Unusable   N/A       N/A         1
 Blink                    Tloc           Unusable   N/A       N/A         2
 Summon Guardian Golem    Hex/Summ       Unusable   N/A       N/A         3
 Animate Armour           Summ/Erth      Unusable   N/A       N/A         4
 Summon Ice Beast         Ice/Summ       Unusable   N/A       N/A         4
 Summon Lightning Spire   Summ/Air       Unusable   N/A       N/A         4
 Simulacrum               Ice/Necr       Unusable   N/A       N/A         6
 Summon Cactus Giant      Summ           Unusable   N/A       N/A         6
 Spellforged Servitor     Conj/Summ      Unusable   N/A       N/A         7

Dungeon Overview and Level Annotations

Branches:
Dungeon (15/15)            Temple (1/1) D:6            Lair (5/5) D:10
  Swamp (4/4) Lair:3       Spider (4/4) Lair:2        Slime (0/5) Lair:5
    Orc (2/2) D:9             Elf (3/3) Orc:2        Vaults (5/5) D:14
  Crypt (0/3) Vaults:3     Depths (4/4) D:15            Zot (5/5) Depths:4
 Bailey (visited)          WizLab (visited)         Desolation (visited)
Gauntlet (visited)

Altars:
Ashenzari
Cheibriados
Dithmenos
Elyvilon
Fedhas
Gozag
Hepliaklqana
Kikubaaqudgha
Makhleb
Nemelex Xobeh
Okawaru
Qazlal
Ru
Sif Muna
Trog
Uskayaw
Vehumet
Wu Jian
Xom
Yredelemnul
Zin
The Shining One

Shops:
D:5 ?   D:9 (   Orc:2 (?=*:   Elf:1 [   Elf:2 =   Elf:3 (?   Vaults:5 [=!?!!
Depths:2 :=:

Portals:
Hell: Depths:1 Depths:2 Depths:3 Depths:4
Abyss: Depths:3
Pandemonium: Depths:1 Depths:2
Ziggurat: Depths:2

Annotations:
Depths:2 exclusions: angel, 2 daevas and 1 more exclusion


Innate Abilities, Weirdness & Mutations

You cannot be hasted, slowed, berserked, paralysed or teleported.
You can dig through walls and to a lower floor.
You have a pair of large antennae on your head. (SInv)
Your four strong arms can wield two-handed weapons with a shield.
You have very sharp teeth.
You possess an exceptional clarity of mind.
Your body sometimes deteriorates upon taking damage.
You are weak. (Str -2)
You occasionally lose the ability to read scrolls when taking damage.


Message History

There is a stone staircase leading down here.
An Orb Guardian comes into view.
You rampage towards the Orb Guardian!
You completely miss the Orb Guardian. You bite the Orb Guardian.
The Orb Guardian is lightly wounded.
You closely miss the Orb Guardian.
You bite the Orb Guardian, but do no damage.
The Orb Guardian is lightly wounded.
You block the Orb Guardian's attack.
You miss the Orb Guardian. You block the Orb Guardian's attack.
You miss the Orb Guardian. You bludgeon the Orb Guardian!!
You drain the Orb Guardian!
The Orb Guardian is heavily wounded.
You block the Orb Guardian's attack.
You bludgeon the Orb Guardian!! Your bite misses the Orb Guardian.
The Orb Guardian is almost dead.
You block the Orb Guardian's attack.
You completely miss the Orb Guardian.
The Orb Guardian is almost dead.
The Orb Guardian barely misses you.
You miss the Orb Guardian.
The Orb Guardian is almost dead.
You block the Orb Guardian's attack.
You hit the Orb Guardian but do no damage.
Your bite misses the Orb Guardian.
The Orb Guardian is almost dead.
You block the Orb Guardian's attack.
You bludgeon the Orb Guardian!!
You kill the Orb Guardian!
Okawaru accepts your kill.
(D) Dungeon (T) Temple (L) Lair (S) Swamp (N) Spider Nest (M) Slime Pits (O) Orcish Mines (E) Elven Halls (V) Vaults (C) Crypt (U) Depths (H) Hell (Z) Zot
Where to? (* - list waypoints, Enter - D:1 @ (x,y), ? - help)
There is a stone staircase leading up here.
You fly upwards.
There is a stone staircase leading down here.
There is a staircase leading out of the dungeon here.
You have escaped!

.# #....## #........ .#####
##..P..## #........ .#...#
##...PP..# #........ .#...#
##.....P..## #........
.#...######....PP....# #........
.#.......#....PPPPP..## #........
.....###......P♣♣P♣...###........
.....##........PP♣♣P.............
.....#...P......@PPP..#####..)...
........P♣P....P..P...# #......
.......PP♣P...P♣......# #......
........P♣P...P.♣P...## ###......
..##.#...P.P...PPP..## #........
..##.###..P.....P..## #........
..##.######...###### #........
.............## #####....
..#####..##### ##....


There were no monsters in sight!

Vanquished Creatures
  4 orbs of fire
  4 dread liches
  8 ancient liches
  Sojobo (Depths:4)
  Josephina (Zot:4)
  A Head Instructor (WizLab)
  Frederick (Vaults:5)
  Boris (Vaults:5)
  Xtahua (Vaults:5)
  5 Killer Klowns
  Parghit (Depths:3)
  the Lernaean hydra (Swamp:4)
  4 caustic shrikes (Depths:4)
  4 pandemonium lords
  2 curse toes
  A profane servitor (D:4)
  Nikola (Vaults:2)
  7 golden dragons
  3 Tzitzimimeh
  Arachne (Spider:2)
  A bone dragon (Depths:3)
  3 doom hounds (Depths:3)
  5 electric golems
  A Brimstone Fiend (D:8)
  Zenata (Vaults:1)
  23 tentacled monstrosities
  Jorgrun (D:12)
  Rupert (Depths:1)
  A lich (Depths:3)
  27 Orb Guardians
  Grunn (Depths:3)
  An Ice Fiend (Zot:5)
  3 deep elf blademasters
  7 titans
  A walking frostbound tome (Depths:3)
  A deep elf master archer (Elf:3)
  An ancient champion (Depths:1)
  12 quicksilver dragons
  The ghost of MinkTDR the Warrior, an adept MiFi of Okawaru (Spider:4)
  8 sphinxes
  2 walking divine tomes (Depths:2)
  Agnes (Depths:1)
  Frances (Elf:1)
  Kirke (Lair:3)
  13 tengu reavers
  11 death cobs
  17 storm dragons
  8 shadow dragons
  Donald (Vaults:1)
  4 draconian knights
  11 draconian monks
  7 fire giants
  4 frost giants
  11 emperor scorpions (Spider:4)
  18 vault wardens
  3 iron dragons
  2 imperial myrmidons (Desolation)
  11 ghost moths
  12 deep elf sorcerers
  Aizul (Vaults:2)
  4 draconian scorchers
  Louise (Depths:3)
  An orc warlord (Vaults:4)
  6 spriggan defenders
  3 draconian stormcallers
  A demonspawn corrupter (D:9)
  4 deep elf elementalists
  5 draconian shifters
  6 draconian annihilators
  4 reapers
  4 broodmothers
  26 ironbound preservers
  27 very ugly things
  3 vampire knights
  A demonspawn blood saint (D:9)
  6 deep elf demonologists
  14 ironbound thunderhulks
  7 war gargoyles
  19 stone giants
  2 putrid mouths (Depths:3)
  18 green draconians
  A halazid warlock (Desolation)
  16 black draconians
  16 yellow draconians
  A dire elephant (D:15)
  3 eleionomae
  8 entropy weavers
  8 deep elf annihilators (Elf:3)
  19 purple draconians
  14 white draconians
  9 red draconians
  3 bunyips
  10 spark wasps
  A minotaur (Gauntlet)
  15 ettins
  4 crystal guardians
  5 deep elf death magi
  2 green deaths (Swamp:4)
  A mummy priest (Depths:3)
  10 deep elf high priests
  An ettin (shapeshifter) (Vaults:5)
  2 blizzard demons
  3 jiangshi (Depths:2)
  7 fire dragons
  16 yaktaur captains
  8 ragged hierophants (Desolation)
  11 great orbs of eyes
  7 rakshasas
  11 hydras
  A fire dragon (shapeshifter) (Vaults:5)
  13 ice dragons
  2 ghost crabs
  The ghost of Zippel the Eclecticist, a journeyman DEIE of Hepliaklqana (Elf:1)
  6 peacekeepers
  33 vault guards
  Erolcha (D:11)
  6 boulder beetles
  3 servants of whispers (Desolation)
  3 jorogumos
  3 hell beasts
  7 ogre magi
  9 ironbound frosthearts
  10 two-headed ogres
  7 spriggan air magi
  4 radroaches
  3 catoblepae
  23 centaur warriors
  3 alligators
  36 dancing weapons
  2 death yaks (D:13)
  6 deep troll shamans
  3 death knights
  3 death scarabs
  A shock serpent (shapeshifter) (Elf:2)
  A thrashing horror (Swamp:4)
  4 deep troll earth magi
  4 vampire magi
  5 spriggan berserkers
  9 tengu warriors
  3 orc high priests
  6 iron trolls
  8 hell knights
  A spectral death yak (Gauntlet)
  A soul eater (D:10)
  Amaemon (Lair:1)
  A death drake (Zot:2)
  A death drake (shapeshifter) (Vaults:4)
  2 salamander mystics
  15 deep elf knights
  A pharaoh ant (Spider:4)
  A fire crab (Gauntlet)
  3 goliath frogs
  4 glowing orange brains
  A sixfirhy (Zot:2)
  2 sun demons
  A deep troll (shapeshifter) (Vaults:5)
  A spark wasp zombie (Depths:1)
  12 swamp dragons
  4 shadow demons
  2 spriggan druids
  8 steelbarb worms
  94 deep trolls
  7 orb spiders
  A skeletal warrior (D:15)
  2 flayed ghosts
  An obsidian statue (Zot:5)
  8 bog bodies
  A harpy (Vaults:1)
  27 ironbound convokers
  A tengu zombie (Depths:2)
  A golden dragon skeleton (Depths:1)
  8 phantasmal warriors
  A lindwurm (shapeshifter) (Vaults:5)
  6 lindwurms
  An iron dragon zombie (Depths:2)
  26 deep elf zephyrmancers
  4 orc knights
  13 wizards
  25 deep elf pyromancers
  6 deep elf archers
  12 necromancers
  A shadow dragon skeleton (Depths:1)
  5 mana vipers (WizLab)
  2 oklob plants
  4 manticores
  5 orc sorcerers (Orc:2)
  A cyclops (shapeshifter) (Vaults:5)
  3 cyclopes
  7 will-o-the-wisps
  15 wolf spiders
  69 ugly things
  A frost giant skeleton (Depths:1)
  A manticore (shapeshifter) (Depths:4)
  3 salamanders
  29 moths of wrath
  A sphinx skeleton (Depths:1)
  2 fire giant skeletons
  2 rust devils
  4 orange demons
  A stone giant skeleton (Vaults:3)
  A smoke demon (Zot:5)
  6 elephants (Lair:5)
  7 black mambas
  2 naga magi (WizLab)
  2 guardian serpents (Desolation)
  An ice statue (D:11)
  Maggie (D:6)
  15 vault sentinels
  A yaktaur zombie (Vaults:3)
  9 cane toads
  9 komodo dragons
  A cane toad (shapeshifter) (Elf:1)
  7 kobold demonologists
  A storm dragon simulacrum (Zot:4)
  2 torpor snails
  An unseen horror (shapeshifter) (Depths:3)
  6 demonic crawlers
  23 yaktaurs
  4 tengu conjurers
  An efreet (D:4)
  2 hellwings
  3 rime drakes
  A freezing wraith (Vaults:5)
  5 trolls
  2 ice devils
  A golden dragon simulacrum (Zot:4)
  2 human skeletons
  A troll (shapeshifter) (D:15)
  13 polar bears
  10 tyrant leeches
  A bloated husk (Swamp:1)
  25 slime creatures
  3 meliai (Spider:4)
  Grinder (D:6)
  24 tarantellas
  13 hornets
  6 raiju (Lair:5)
  A hornet (shapeshifter) (Vaults:3)
  40 saltlings (Desolation)
  Prince Ribbit (Bailey)
  11 blink frogs
  A dream sheep (shapeshifter) (Vaults:5)
  9 dream sheep
  20 culicivoras
  An ettin zombie (Depths:1)
  22 jumping spiders
  Sigmund (D:5)
  2 shadows (Swamp:4)
  A spriggan skeleton (Depths:1)
  8 water elementals
  A ynoxinul (Depths:4)
  10 spriggans
  An air elemental (Elf:2)
  4 wraiths
  36 yaks
  A vampire (D:12)
  2 chaos spawn
  A hog (shapeshifter) (D:13)
  4 wyverns
  4 basilisks
  4 fire bats (Gauntlet)
  A fire elemental (Elf:1)
  A human (shapeshifter) (D:13)
  10 humans
  A spectral komodo dragon (Gauntlet)
  2 steam dragons
  A purple draconian simulacrum (Zot:4)
  2 neqoxecs
  43 redbacks
  A redback (shapeshifter) (Vaults:5)
  Menkaure (D:7)
  15 swamp worms
  17 vampire mosquitoes
  A large abomination (Swamp:4)
  9 water moccasins
  4 wargs (Lair:5)
  4 acid dragons
  12 hell hounds
  2 swamp drakes (Lair:5)
  A floating eye (shapeshifter) (Depths:3)
  A spectral torpor snail (Gauntlet)
  14 black bears
  2 ice beasts
  21 orc warriors
  A sky beast (D:7)
  13 ogres
  33 wolves
  2 boggarts (Depths:3)
  11 centaurs
  A phantom (D:4)
  7 kobold brigands
  22 bullfrogs
  3 earth elementals
  A necrophage (D:7)
  A scorpion (D:5)
  2 two-headed ogre simulacra (D:13)
  2 small abominations
  An elephant simulacrum (D:13)
  4 killer bees
  An oklob sapling (D:11)
  8 howler monkeys
  7 electric eels
  11 hounds
  5 jellies
  23 orc priests
  2 gnoll boudas
  5 iguanas (Lair:5)
  20 orc wizards
  6 hell rats (Lair:4)
  2 spriggan simulacra (D:13)
  13 adders
  16 gnolls
  A river rat (shapeshifter) (Depths:4)
  2 white imps
  6 worms
  4 dart slugs
  53 orcs
  6 bats
  11 endoplasms
  5 giant cockroaches
  12 goblins
  5 hobgoblins
  7 jackals
  30 kobolds
  8 quokkas
  18 ball pythons
  3 frilled lizards
  9 rats
2325 creatures vanquished.

Vanquished Creatures (others)
  A deep elf knight (Elf:1)
  A goliath frog (Swamp:1)
  A deep elf zephyrmancer (Elf:1)
  A deep elf pyromancer (Elf:1)
  A storm dragon simulacrum (Zot:4)
  2 bloated husks
  A blink frog (Lair:5)
  2 orc wizards (Orc:2)
  An orc (Orc:2)
  34 foxfires
  12 fungi
  77 plants
134 creatures vanquished.

Grand Total: 2459 creatures vanquished

Notes
Turn   | Place    | Note
-------+----------+-------------------------------------------
     0 | D:1      | LSt the Formicid Fighter began the quest for the Orb.
     0 | D:1      | Reached XP level 1. HP: 18/18 MP: 1/1
   102 | D:1      | Reached XP level 2. HP: 20/24 MP: 2/2
   393 | D:1      | Reached XP level 3. HP: 29/29 MP: 3/3
  1249 | D:1      | HP: 1/29 [adder (3)]
  1559 | D:2      | Reached XP level 4. HP: 32/35 MP: 4/4
  1923 | D:2      | Reached XP level 5. HP: 15/42 MP: 5/5
  2845 | D:3      | Found a faded altar of an unknown god.
  3277 | D:3      | Reached skill level 5 in Maces & Flails
  3277 | D:3      | Reached XP level 6. HP: 47/50 MP: 6/6
  3340 | D:3      | Found a sparkling altar of Nemelex Xobeh.
  3802 | D:4      | Reached skill level 5 in Fighting
  3846 | D:4      | Found an ornate altar of the Wu Jian Council.
  3847 | D:4      | Found an ancient bone altar of Kikubaaqudgha.
  4311 | D:4      | Noticed an ogre
  4710 | D:4      | Reached XP level 7. HP: 56/56 MP: 7/7
  4793 | D:5      | Entered Level 5 of the Dungeon
  4929 | D:5      | Reached skill level 1 in Evocations
  5551 | D:5      | Reached XP level 8. HP: 39/65 MP: 8/8
  5757 | D:5      | Noticed Sigmund
  5803 | D:6      | Found a staircase to the Ecumenical Temple.
  5830 | Temple   | Entered the Ecumenical Temple
  5969 | Temple   | Became a worshipper of Warmaster Okawaru
  6026 | D:6      | Noticed Grinder
  6053 | D:6      | Killed Grinder
  6140 | D:6      | Found a shadowy altar of Dithmenos.
  6272 | D:6      | Reached * piety under Okawaru
  7055 | D:6      | Noticed Maggie
  7065 | D:6      | Killed Maggie
  7066 | D:6      | Reached XP level 9. HP: 74/74 MP: 6/10
  7356 | D:7      | Noticed Menkaure
  7460 | D:7      | Reached ** piety under Okawaru
  7481 | D:7      | Found a flagged portal.
  7519 | Bailey   | Entered a bailey
  7744 | Bailey   | Reached skill level 10 in Maces & Flails
  7807 | Bailey   | Reached XP level 10. HP: 83/83 MP: 11/11
  7849 | Bailey   | Noticed a vault guard
  7862 | Bailey   | Killed a vault guard
  7862 | Bailey   | Reached *** piety under Okawaru
  7883 | Bailey   | Noticed Prince Ribbit
  7883 | Bailey   | Noticed a vault guard
  7897 | Bailey   | Killed a vault guard
  7898 | Bailey   | Reached skill level 10 in Fighting
  7901 | Bailey   | Killed Prince Ribbit
  7965 | D:7      | Received a gift from Okawaru
  7996 | D:7      | Killed Menkaure
  8301 | D:7      | Noticed a cyclops
  8321 | D:7      | Killed a cyclops
  8506 | D:7      | Reached **** piety under Okawaru
  8883 | D:8      | Reached XP level 11. HP: 75/93 MP: 10/13
  8891 | D:8      | Reached skill level 5 in Invocations
  9179 | D:8      | Found a glowing golden altar of the Shining One.
 10488 | D:9      | Found Vyproifo's Weapon Emporium.
 10744 | D:9      | Reached ***** piety under Okawaru
 10932 | D:9      | Found a staircase to the Orcish Mines.
 11406 | D:9      | Noticed a moth of wrath
 11409 | D:9      | Found a bloodstained altar of Trog.
 11487 | D:9      | Identified 3 scrolls of acquirement
 11487 | D:9      | Acquired a manual of Fighting
 11491 | D:10     | Entered Level 10 of the Dungeon
 11575 | D:10     | Found a hide-covered altar of Uskayaw.
 11762 | D:10     | Noticed a two-headed ogre
 11785 | D:10     | Killed a two-headed ogre
 11801 | D:10     | Received a gift from Okawaru
 11842 | D:10     | Found a staircase to the Lair.
 12033 | D:10     | Reached XP level 12. HP: 107/107 MP: 18/18
 12742 | Lair:1   | Entered Level 1 of the Lair of Beasts
 12905 | Lair:1   | Noticed Amaemon
 12950 | Lair:1   | Reached skill level 15 in Fighting
 13470 | D:11     | Noticed Erolcha
 13514 | D:11     | Killed Erolcha
 14300 | D:12     | Noticed Jorgrun
 14540 | D:5      | Found Mainwigg's Magic Scroll Shop.
 14570 | D:5      | Killed Sigmund
 14570 | D:5      | Received a gift from Okawaru
 15436 | Lair:1   | Killed Amaemon
 16176 | Lair:2   | Found a gate leading to a gauntlet.
 16245 | Gauntlet | Entered a Gauntlet
 16245 | Gauntlet | Found a transporter.
 16245 | Gauntlet | Found a transporter.
 16245 | Gauntlet | Found a transporter.
 16266 | Gauntlet | Found a transporter.
 16283 | Gauntlet | Found a transporter.
 16285 | Gauntlet | Found a transporter.
 16290 | Gauntlet | Noticed an entropy weaver
 16297 | Gauntlet | Found a transporter.
 16322 | Gauntlet | Noticed a fire crab
 16329 | Gauntlet | Noticed a death scarab
 16330 | Gauntlet | Noticed a death scarab
 16336 | Gauntlet | Found a transporter.
 16336 | Gauntlet | Found a transporter.
 16350 | Gauntlet | Found a transporter.
 16354 | Gauntlet | Found a transporter.
 16420 | Gauntlet | Found a transporter.
 16521 | Gauntlet | Gained mutation: You are clumsy. (Dex -2) [a neqoxec]
 16525 | Gauntlet | Gained mutation: You are weak. (Str -2) [a neqoxec]
 16558 | Gauntlet | Killed a death scarab
 16559 | Gauntlet | Reached XP level 13. HP: 57/122 MP: 12/20
 16570 | Gauntlet | Reached skill level 5 in Armour
 16581 | Gauntlet | Identified the +0 cloak of a bailey {rElec rF+ SInv}
 16663 | Gauntlet | Received a gift from Okawaru
 16701 | Gauntlet | Reached XP level 14. HP: 87/130 MP: 21/21
 16753 | Gauntlet | Noticed a minotaur
 16778 | Gauntlet | Killed a minotaur
 16778 | Gauntlet | HP: 3/130 [poisoned by minotaur (curare)]
 16807 | Gauntlet | Got Sif Muna's Directory of Snowy Conjuration
 17309 | Lair:2   | Reached skill level 5 in Shields
 17482 | Lair:2   | Found a hole to the Spider Nest.
 17835 | Lair:3   | Found a staircase to the Swamp.
 17998 | Lair:3   | Noticed Kirke
 18105 | Lair:3   | Killed Kirke
 18782 | Lair:4   | Reached skill level 10 in Shields
 19364 | Lair:4   | Identified the +0 ring mail "Zorunos" {Stlth+}
 19862 | Lair:5   | Entered Level 5 of the Lair of Beasts
 19944 | Lair:5   | Identified the +0 scale mail of Crawling {rF+ rCorr SInv
                  | Stlth-} (Okawaru gifted it to you on level 5 of the Lair of
                  | Beasts)
 19944 | Lair:5   | Received a gift from Okawaru
 20052 | Lair:5   | Found a staircase to the Slime Pits.
 20277 | Lair:5   | Reached XP level 15. HP: 135/136 MP: 22/22
 20379 | Lair:5   | Reached skill level 10 in Invocations
 21088 | Lair:5   | Reached skill level 15 in Maces & Flails
 21237 | Lair:5   | Received a gift from Okawaru
 21806 | Orc:1    | Entered Level 1 of the Orcish Mines
 22000 | Orc:1    | Acquired a manual of Shields
 22002 | Orc:1    | Acquired the +11 crystal plate armour of Ceurogra {Rampage
                  | Str+5 Int-5}
 22196 | D:12     | Killed Jorgrun
 22197 | D:12     | Reached skill level 15 in Shields
 22981 | D:13     | Reached ****** piety under Okawaru
 22981 | D:13     | Received a gift from Okawaru
 23054 | D:13     | Identified the ring "Jiyx" {Ice rElec}
 23728 | D:14     | Reached XP level 16. HP: 143/143 MP: 24/24
 24221 | D:14     | Found a sacrificial altar of Ru.
 24414 | D:14     | Found a gate to the Vaults.
 24483 | D:14     | You fall into a shaft and drop 1 floor!
 24483 | D:15     | Entered Level 15 of the Dungeon
 25116 | D:15     | Received a gift from Okawaru
 25157 | D:15     | Identified the +3 chain mail of Wisdom {Drain rF+++ Will-
                  | Dex+3} (Okawaru gifted it to you on level 15 of the
                  | Dungeon)
 25157 | D:15     | Received a gift from Okawaru
 25163 | D:15     | Found a staircase to the Depths.
 25403 | D:15     | Reached skill level 10 in Armour
 26056 | Orc:2    | Entered Level 2 of the Orcish Mines
 26664 | Orc:2    | Found Anis's Jewellery Shop.
 26664 | Orc:2    | Found Wuywe's General Store.
 26667 | Orc:2    | Found Ogecage's Magic Scroll Boutique.
 26669 | Orc:2    | Found Huuja's Weapon Boutique.
 26727 | Orc:2    | Found a staircase to the Elven Halls.
 26728 | Orc:2    | Found Irhamau's Book Shop.
 27211 | Orc:2    | Bought a ring of willpower for 300 gold pieces
 27371 | Spider:1 | Entered Level 1 of the Spider Nest
 27579 | Spider:1 | Reached XP level 17. HP: 151/152 MP: 25/25
 27943 | Spider:1 | Found a hide-covered altar of Uskayaw.
 28342 | Spider:2 | Noticed Arachne
 28368 | Spider:2 | Killed Arachne
 28590 | Spider:2 | Received a gift from Okawaru
 28593 | Spider:2 | Lost mutation: You are clumsy. (Dex -2) [potion of
                  | mutation]
 28593 | Spider:2 | Lost mutation: You are weak. (Str -2) [potion of mutation]
 28593 | Spider:2 | Gained mutation: You possess an exceptional clarity of
                  | mind. [potion of mutation]
 28593 | Spider:2 | Gained mutation: You have very sharp teeth. [potion of
                  | mutation]
 29719 | Spider:4 | Entered Level 4 of the Spider Nest
 30399 | Spider:4 | Reached XP level 18. HP: 157/162 MP: 26/26
 30593 | Spider:4 | Received a gift from Okawaru
 31153 | Spider:4 | Got a gossamer rune of Zot
 31313 | Spider:4 | Noticed MinkTDR's ghost (adept MiFi)
 31326 | Spider:4 | Found a runed translucent gate.
 31326 | Spider:4 | Found a runed translucent gate.
 31326 | Spider:4 | Found a runed translucent gate.
 31443 | Spider:4 | Killed MinkTDR's ghost
 31455 | Spider:4 | Identified the +0 helmet of the Rose {rElec}
 31457 | Spider:4 | Identified the amulet "Hycituh" {Reflect rElec rF+ Int+2
                  | SH+5}
 31605 | Swamp:1  | Entered Level 1 of the Swamp
 33169 | Swamp:2  | Received a gift from Okawaru
 33351 | Swamp:2  | Identified the +1 scale mail of Rieqaqeati {Will+}
 34105 | Swamp:4  | Entered Level 4 of the Swamp
 34115 | Swamp:4  | Reached XP level 19. HP: 169/169 MP: 27/27
 34815 | Swamp:4  | Identified the +6 plate armour of Chill Winds {Int+2}
                  | (Okawaru gifted it to you on level 4 of the Swamp)
 34815 | Swamp:4  | Received a gift from Okawaru
 35075 | Swamp:4  | Noticed the 27-headed Lernaean hydra
 35090 | Swamp:4  | Killed the 27-headed Lernaean hydra
 35468 | Swamp:4  | Got a decaying rune of Zot
 35848 | Elf:1    | Entered Level 1 of the Elven Halls
 35955 | Elf:1    | Noticed Frances
 35975 | Elf:1    | Killed Frances
 36064 | Elf:1    | Found a runed translucent door.
 36067 | Elf:1    | Noticed Zippel's ghost (journeyman DEIE)
 36179 | Elf:1    | Reached skill level 1 in Dodging
 36437 | Elf:1    | Received a gift from Okawaru
 36790 | Elf:1    | Found His Giam's Armour Boutique.
 37416 | Elf:1    | Killed Zippel's ghost
 37613 | Elf:2    | Reached XP level 20. HP: 180/180 MP: 28/28
 37646 | Elf:2    | Identified the +7 broad axe of Wondrous Power {vamp, rElec
                  | Dex+3}
 37829 | Elf:2    | Found a runed translucent gate.
 37830 | Elf:2    | Found a runed translucent gate.
 37830 | Elf:2    | Found a runed translucent gate.
 38345 | Elf:2    | Received a gift from Okawaru
 38681 | Elf:2    | Found Fyrirasi's Jewellery Shop.
 39331 | Elf:3    | Entered Level 3 of the Elven Halls
 39331 | Elf:3    | Found Intanux's Weapon Shoppe.
 39710 | Elf:3    | Found Oskoduch's Magic Scroll Boutique.
 40189 | Elf:3    | Identified the ring "Caplaf" {rElec Will+ Str-2 Int+5
                  | Dex+6}
 40211 | Elf:3    | Identified the +8 demon whip "Tike" {freeze, *Slow rElec
                  | rF- Int+8} (Okawaru gifted it to you on level 3 of the
                  | Elven Halls)
 40211 | Elf:3    | Received a gift from Okawaru
 40212 | Elf:3    | Reached skill level 5 in Dodging
 40212 | Elf:3    | Identified the ring "Zept" {rElec rC- rN+++ rCorr Dex+3}
 40408 | Arena    | Entered the Arena
 40488 | Elf:3    | Reached XP level 21. HP: 50/189 MP: 24/29
 40899 | Elf:3    | Identified the +3 great sword "Xoso" {vorpal, Fly rElec}
 40902 | Elf:3    | Received a gift from Okawaru
 40981 | Elf:3    | Identified the +4 spear of Racua {flame, Dex+2}
 41175 | Elf:3    | Found the +2 hood of the Assassin {Detection Stab+ Stlth++}
 41192 | Elf:3    | Identified the +1 scimitar of Jorakehe {vorpal, Will+ rCorr
                  | Str-2 Dex+5}
 41298 | Elf:3    | Identified the +4 quarterstaff "Arbiter" {vamp, rN+++ Dex+5
                  | Stlth-}
 41300 | Elf:3    | Identified the +7 executioner's axe "Kestyts" {pain, rC++
                  | SInv}
 41300 | Elf:3    | Identified the ring "Pubajydd" {rCorr Int+2 Stlth+}
 41830 | Vaults:1 | Entered Level 1 of the Vaults
 41869 | Vaults:1 | Reached skill level 15 in Armour
 41892 | Vaults:1 | Found a crumbling gateway.
 41911 | Desolati | Entered the Desolation of Salt
 42507 | Desolati | Identified the +9 broad axe of Dim Light {speed, *Noise rC+
                  | rN+ SInv}
 42728 | Desolati | Identified the +5 ring mail of Qazlal {Regen+ MP+9 Dex+4
                  | Slay+2}
 42731 | Desolati | Identified the +7 short sword of Anuef {speed, Int+5}
 42952 | Desolati | Identified the ring of Vis Qoy {Int+6 Dex+3}
 43102 | Desolati | Identified the ring "Xooxit" {rPois AC+4}
 43107 | Desolati | Got the Vellum of Heated Firn
 43687 | Vaults:1 | Identified the +1 leather armour of Hetach {rElec Str+6
                  | Int-3 Dex-3}
 43848 | Vaults:1 | Noticed Zenata
 43856 | Vaults:1 | Killed Zenata
 43865 | Vaults:1 | Received a gift from Okawaru
 44075 | Vaults:1 | Reached XP level 22. HP: 195/196 MP: 31/31
 44427 | Vaults:1 | Noticed Donald
 44445 | Vaults:1 | Killed Donald
 44838 | Vaults:2 | Noticed Aizul
 44886 | Vaults:2 | Identified the +2 pair of boots "Yvaocox" {Str-3 Dex+4}
                  | (Okawaru gifted it to you on level 2 of the Vaults)
 44886 | Vaults:2 | Received a gift from Okawaru
 45420 | Vaults:2 | Noticed Nikola
 45440 | Vaults:2 | Killed Nikola
 45452 | Vaults:2 | Killed Aizul
 45889 | Vaults:2 | Found a portal to a secret trove of treasure.
 46924 | Vaults:3 | Received a gift from Okawaru
 46964 | Vaults:3 | Reached XP level 23. HP: 205/205 MP: 32/32
 47651 | Vaults:3 | Found a staircase to the Crypt.
 47838 | Vaults:3 | Found a huge runed gate.
 47838 | Vaults:3 | Found a huge runed gate.
 47838 | Vaults:3 | Found a huge runed gate.
 47838 | Vaults:3 | Found a huge runed gate.
 47839 | Vaults:3 | Found a huge runed gate.
 47839 | Vaults:3 | Found a huge runed gate.
 47839 | Vaults:3 | Found a huge runed gate.
 47839 | Vaults:3 | Found a huge runed gate.
 47841 | Vaults:3 | Found a huge runed gate.
 47843 | Vaults:3 | Found a huge runed gate.
 47843 | Vaults:3 | Found a huge runed gate.
 47843 | Vaults:3 | Found a huge runed gate.
 47843 | Vaults:3 | Found a huge runed gate.
 47843 | Vaults:3 | Found a huge runed gate.
 47843 | Vaults:3 | Found a huge runed gate.
 47844 | Vaults:3 | Found a huge runed gate.
 47845 | Vaults:3 | Found a huge runed gate.
 47846 | Vaults:3 | Found a huge runed gate.
 47854 | Vaults:3 | Found a huge runed gate.
 47854 | Vaults:3 | Found a huge runed gate.
 47854 | Vaults:3 | Found a huge runed gate.
 47854 | Vaults:3 | Found a huge runed gate.
 47854 | Vaults:3 | Found a huge runed gate.
 47854 | Vaults:3 | Found a huge runed gate.
 47855 | Vaults:3 | Found a huge runed gate.
 47856 | Vaults:3 | Found a huge runed gate.
 47857 | Vaults:3 | Found a huge runed gate.
 47865 | Vaults:3 | Found a huge runed gate.
 47865 | Vaults:3 | Found a huge runed gate.
 47865 | Vaults:3 | Found a huge runed gate.
 47865 | Vaults:3 | Found a huge runed gate.
 47865 | Vaults:3 | Found a huge runed gate.
 47865 | Vaults:3 | Found a huge runed gate.
 47866 | Vaults:3 | Found a huge runed gate.
 47867 | Vaults:3 | Found a huge runed gate.
 47868 | Vaults:3 | Found a huge runed gate.
 49613 | Vaults:4 | Identified the +3 giant club of the Middle {vorpal, *Noise
                  | Str+2 Int+5} (Okawaru gifted it to you on level 4 of the
                  | Vaults)
 49613 | Vaults:4 | Received a gift from Okawaru
 50380 | Vaults:3 | Found the +0 staff of Battle
 50423 | Vaults:3 | Reached XP level 24. HP: 140/213 MP: 30/32
 50758 | Depths:1 | Entered Level 1 of the Depths
 51305 | Depths:1 | Noticed Agnes
 51312 | Depths:1 | Noticed Rupert
 51323 | Depths:1 | Killed Agnes
 51342 | Depths:1 | Killed Rupert
 51353 | Depths:1 | Identified the +1 pair of gloves of Fobbaat {*Slow Str+4
                  | Dex+4 Slay+3} (Okawaru gifted it to you on level 1 of the
                  | Depths)
 51353 | Depths:1 | Received a gift from Okawaru
 51531 | Depths:1 | Found a gateway to Hell.
 51543 | Depths:1 | Found a one-way gate leading to the halls of Pandemonium.
 52546 | Depths:2 | Found a hazy altar of Hepliaklqana.
 52614 | Depths:2 | Found Jajiyval's Book Shoppe.
 52622 | Depths:2 | Found Raxaluc's Jewellery Shop.
 52623 | Depths:2 | Found Weanac's Book Shoppe.
 53591 | Depths:2 | Found a one-way gateway to a ziggurat.
 53822 | Depths:2 | Identified the +0 pair of gloves of the Howling Gods {rF+
                  | Dex+3} (Okawaru gifted it to you on level 2 of the Depths)
 53822 | Depths:2 | Received a gift from Okawaru
 54354 | Depths:3 | Noticed a golden dragon
 54369 | Depths:3 | Killed a golden dragon
 54520 | Depths:3 | Reached skill level 10 in Dodging
 54551 | Depths:3 | Noticed Grunn
 54586 | Depths:3 | Reached XP level 25. HP: 209/228 MP: 27/32
 54648 | Depths:3 | Killed Grunn
 54839 | Depths:3 | Noticed Louise
 54854 | Depths:3 | Killed Louise
 54859 | Depths:3 | Found a one-way gate to the infinite horrors of the Abyss.
 54983 | Depths:3 | Noticed Parghit
 55018 | Depths:3 | Killed Parghit
 55106 | Depths:3 | Found a shimmering blue altar of Sif Muna.
 55194 | Depths:3 | Identified the amulet of Rewe {RegenMP rF++ MP+9 Dex+2}
 57024 | Depths:3 | Received a gift from Okawaru
 57330 | Depths:3 | Reached skill level 27 in Fighting
 57492 | Depths:3 | Identified the +2 long sword of the Lair of Beasts {flame,
                  | Will+ MP+9}
 57692 | Depths:4 | Entered Level 4 of the Depths
 58060 | Depths:4 | Found a gate to the Realm of Zot.
 58139 | Depths:4 | Found a magical portal.
 58155 | WizLab   | Entered Yara's Duelist Academy
 58228 | WizLab   | Reached XP level 26. HP: 235/240 MP: 32/32
 58408 | WizLab   | Found the +5 demon whip "Spellbinder" {antimagic, Will+}
 58543 | WizLab   | Noticed Asusoisk
 58554 | WizLab   | Killed Asusoisk the Head Instructor
 59127 | Depths:4 | Received a gift from Okawaru
 59127 | Depths:4 | Noticed Sojobo
 59156 | Depths:4 | Killed Sojobo
 59182 | Depths:4 | Found the +2 cloak of the Thief {*Fog Slay-2 SInv Stlth+}
 60126 | Orc:2    | Bought the ring of Rikk {rF+ rCorr} for 408 gold pieces
 60465 | Vaults:5 | Entered Level 5 of the Vaults
 60505 | Vaults:5 | Noticed a dread lich
 60505 | Vaults:5 | Noticed Frederick
 60515 | Vaults:5 | Killed Frederick
 60523 | Vaults:5 | Killed a dread lich
 60813 | Vaults:5 | Identified the +0 chain mail of the Flute {Will+} (Okawaru
                  | gifted it to you on level 5 of the Vaults)
 60813 | Vaults:5 | Received a gift from Okawaru
 61004 | Vaults:5 | Reached XP level 27. HP: 246/249 MP: 26/32
 61594 | Vaults:5 | Noticed Xtahua
 61604 | Vaults:5 | Killed Xtahua
 61610 | Vaults:5 | Noticed a dread lich
 61616 | Vaults:5 | Killed a dread lich
 61743 | Vaults:5 | Found Jucvuj's Jewellery Boutique.
 61743 | Vaults:5 | Noticed an ancient lich
 61754 | Vaults:5 | Killed an ancient lich
 61769 | Vaults:5 | Noticed an ancient lich
 61776 | Vaults:5 | Killed an ancient lich
 61918 | Vaults:5 | Found Xaig's Antique Armour Emporium.
 61932 | Vaults:5 | Noticed Boris
 61947 | Vaults:5 | Killed Boris
 62025 | Vaults:5 | Noticed a dread lich
 62035 | Vaults:5 | Killed a dread lich
 62342 | Vaults:5 | Received a gift from Okawaru
 62464 | Vaults:5 | Found Bives's Distillery.
 62489 | Vaults:5 | Got a silver rune of Zot
 62625 | Vaults:5 | Found Myloun's Distillery.
 62637 | Vaults:5 | Found Debluhatz's Distillery.
 62660 | Vaults:5 | Found Keuxy's Magic Scroll Shop.
 62991 | Vaults:5 | Bought a potion of heal wounds for 90 gold pieces
 62991 | Vaults:5 | Bought a potion of heal wounds for 90 gold pieces
 63024 | Vaults:5 | Bought the ring of Esearch {Fly rC++ Will+ Int-5} for 779
                  | gold pieces
 63791 | Zot:1    | Entered Level 1 of the Realm of Zot
 63816 | Zot:1    | Reached skill level 27 in Maces & Flails
 64302 | Zot:1    | Identified the +0 pair of boots of Courage {rElec MP+9}
                  | (Okawaru gifted it to you on level 1 of the Realm of Zot)
 64302 | Zot:1    | Received a gift from Okawaru
 64720 | Vaults:2 | You paid a toll of +3 storm dragon scales to enter a
                  | treasure trove
 64721 | Trove    | Entered a treasure trove
 66140 | Zot:1    | Acquired 682 gold pieces
 66522 | Zot:2    | Identified the +8 chain mail of Cemipiel {Int+2}
 66602 | Zot:2    | Noticed an orb of fire
 66615 | Zot:2    | Killed an orb of fire
 66653 | Zot:2    | Noticed a dread lich
 66654 | Zot:2    | Noticed a Killer Klown
 66655 | Zot:2    | Noticed an orb of fire
 66704 | Zot:2    | Gained mutation: You are weak. (Str -2) [an orb of fire]
 66708 | Zot:2    | Killed an orb of fire
 66742 | Zot:2    | Killed a dread lich
 66756 | Zot:2    | Received a gift from Okawaru
 67030 | Zot:2    | Killed a Killer Klown
 67575 | Zot:2    | Identified the +1 pair of boots of Discretion {*Corrode rF+
                  | rC++ Will+} (Okawaru gifted it to you on level 2 of the
                  | Realm of Zot)
 67575 | Zot:2    | Received a gift from Okawaru
 69189 | Zot:4    | Noticed a Killer Klown
 69220 | Zot:4    | Killed a Killer Klown
 70256 | Zot:4    | Found a transporter.
 70316 | Zot:4    | Identified the ring of Togaitaw {Ice rElec}
 70316 | Zot:4    | Noticed Josephina
 70335 | Zot:4    | Killed Josephina
 70652 | Zot:5    | Entered Level 5 of the Realm of Zot
 71024 | Zot:5    | Identified the +9 dire flail "Ixaoh" {flame, rF++ Str-3
                  | SInv} (Okawaru gifted it to you on level 5 of the Realm of
                  | Zot)
 71024 | Zot:5    | Received a gift from Okawaru
 71115 | Zot:5    | Noticed an orb of fire
 71119 | Zot:5    | Killed an orb of fire
 71138 | Zot:5    | Noticed a Killer Klown
 71148 | Zot:5    | Killed a Killer Klown
 71150 | Zot:5    | Noticed an ancient lich
 71160 | Zot:5    | Killed an ancient lich
 71184 | Zot:5    | Noticed an ancient lich
 71188 | Zot:5    | Killed an ancient lich
 71198 | Zot:5    | Noticed an ancient lich
 71204 | Zot:5    | Killed an ancient lich
 71238 | Zot:5    | Identified the +1 robe of the Will of the Gods {rC+ Will++
                  | Dex-3} (Okawaru gifted it to you on level 5 of the Realm of
                  | Zot)
 71238 | Zot:5    | Received a gift from Okawaru
 71586 | Zot:5    | Noticed an orb of fire
 71595 | Zot:5    | Gained mutation: You occasionally lose the ability to read
                  | scrolls when taking damage. [an orb of fire]
 71601 | Zot:5    | Killed an orb of fire
 71606 | Zot:5    | Noticed a Killer Klown
 71606 | Zot:5    | Noticed a Killer Klown
 71607 | Zot:5    | Noticed an ancient lich
 71613 | Zot:5    | Noticed an ancient lich
 71619 | Zot:5    | Killed a Killer Klown
 71623 | Zot:5    | Killed an ancient lich
 71628 | Zot:5    | Noticed an ancient lich
 71639 | Zot:5    | Killed an ancient lich
 71648 | Zot:5    | Killed an ancient lich
 71664 | Zot:5    | Reached skill level 27 in Shields
 71673 | Zot:5    | Killed a Killer Klown
 72199 | Zot:5    | Reached skill level 27 in Armour
 72296 | Zot:5    | Got the Orb of Zot
 72302 | Zot:5    | Noticed Jisk the pandemonium lord
 72327 | Zot:5    | Killed Jisk the pandemonium lord
 72328 | Zot:5    | Gained mutation: Your body sometimes deteriorates upon
                  | taking damage. [a neqoxec]
 72502 | Zot:2    | Noticed Muoc the pandemonium lord
 72534 | Arena    | Entered the Arena
 72583 | Zot:2    | Killed Muoc the pandemonium lord
 72690 | Zot:2    | Noticed Ottott the pandemonium lord
 72735 | Depths:4 | Noticed Ejituej the pandemonium lord
 72749 | Depths:4 | Killed Ejituej the pandemonium lord
 72970 | D:12     | Received a gift from Okawaru
 72974 | D:12     | Noticed Irchoast the pandemonium lord
 73000 | D:12     | Noticed Faitupau the pandemonium lord
 73001 | D:12     | Killed Irchoast the pandemonium lord
 73335 | D:4      | Reached skill level 15 in Dodging
 73519 | D:$      | Escaped with the Orb!

Illustrated notes

Levels and vault maps discovered:
D:1:      spicycebolla_arrival_clurvy, layout_basic
D:2:      layout_rooms
D:3:      layout_basic, nemelex_altar_shiori,
          ebering_ecumenical_altar_abandoned, minmay_joined_circles
D:4:      layout_cave_pods, gammafunk_temple_overflow_statue
D:5:      layout_loops_corners, serial_shops, nicolae_stop_n_shop_1,
          uniq_sigmund
D:6:      layout_basic, grunt_dithmenos_smoke_and_mirrors, temple_doors_e,
          uniq_maggie, uniq_grinder
D:7:      layout_basic, enter_bailey_5, uniq_menkaure
D:8:      layout_loops_corners, tso_oasis_becter, kennysheep_generic_room_13
D:9:      layout_grid_maze, tgw_trog, orc_0_dummy, serial_shops,
          nicolae_shop_bloodbath_and_beyond, dk_noncrumbling_3
D:10:     layout_rooms, nicolae_uskayaw_dance_studio, erik_lair_island
D:11:     layout_long_grid, minivault_16, introduction_to_nature_2, uniq_erolcha
D:12:     layout_rooms, uniq_jorgrun
D:13:     dreamdust_isle_of_ice, layout_cave_pods
D:14:     layout_long_grid, david_vaults_2, nicolae_ru_awakened_eye
D:15:     hangedman_depths_entry_try_elsewhere_first, layout_loops_corners,
          grunt_decor_arrowhead, minivault_1, minmay_misc_feat_chi,
          nicolae_underground_beach
Temple:   nicolae_temple_bog_church
Lair:1:   layout_chaotic_city, grunt_megastairs_2, uniq_amaemon
Lair:2:   layout_cave_pods, spider_nest_entry_rubble, gauntlet_entry_generic
Lair:3:   layout_chaotic_city, minmay_swamp_entry_swarm, uniq_kirke
Lair:4:   layout_regular_city, chequers_serial_rivers_micro_e,
          serial_bayou_shore_a
Lair:5:   hangedman_lair_caniforms_friends, layout_hall_layers,
          guppyfry_lair_end_dragon, nicolae_slime_entry_slimehenge, st_stairs_9
Swamp:1:  layout_basic_swamp, evilmike_swamp_ruin_rubble_2
Swamp:2:  layout_basic_swamp, evilmike_swamp_ruin_house_5
Swamp:3:  layout_falls_marsh, evilmike_swamp_ruin_house_1, swamp_pool1,
          hangedman_swamp_blocks
Swamp:4:  swamp_vile, layout_basic_swamp, swamp_pool1,
          nicolae_swamp_little_swirl
Spider:1: layout_spider_delve, nicolae_spider_altar_of_dancing
Spider:2: layout_spider_delve, nicolae_spider_circle_web, uniq_arachne
Spider:3: nicolae_spider_mines_2
Spider:4: grunt_spider_rune_circles, gammafunk_ghost_split, drop_trap
Orc:1:    layout_caves, basic_altar, nicolae_orc_tapped_out
Orc:2:    st_orc_mages, layout_caves, serial_shops, shop
Elf:1:    layout_loops_corners, serial_shops, shop,
          hellmonk_ghost_happy_afterlife, hangedman_elven_crosses_minicolossus,
          patterned_corridor, uniq_frances
Elf:2:    nicolae_elf_blades_crystal_corner, layout_geoelf_diagonals,
          serial_shops, nicolae_shop_window_shopping, hangedman_elven_ridges,
          billiards_dpeg
Elf:3:    nooodl_elf_gasket, layout_onion_city, serial_shops, shop, shop
Vaults:1: portal_desolation_entry_twin_temple, v_pattern_1,
          hangedman_vaults_snaps, v_alt_pattern_6,
          nicolae_vaults_hallways_thing, hangedman_vaults_river_flow,
          vaults_room_door_ring, vaults_room_stairs_pillars,
          ontoclasm_vaults_ligature, hangedman_vaults_slither, v_misc_3,
          ontoclasm_vaults_idyll, st_octagons_2, nicolae_vaults_angled_halls,
          layout_vaults_maze_bifur, uniq_donald, uniq_zenata
Vaults:2: v_pattern_2, v_alt_pattern_3, v_misc_22,
          ontoclasm_vaults_claustrophobia, hangedman_vaults_hat,
          nicolae_vaults_yaktaur_gun_rack, nicolae_vaults_sealed_display,
          dpeg_vaults_monster_box, vaults_mumra_minichess_inversion,
          layout_vaults_omnicross, nicolae_trove_entry_crystal, uniq_nikola,
          uniq_aizul
Vaults:3: blue_anna_dwarven_crypt, door_vault, v_misc_17, v_misc_2,
          ontoclasm_vaults_tryst, nicolae_vaults_network_star,
          vaults_room_ringed_pool, ontoclasm_vaults_fault, vaults_dpeg_ring,
          layout_vaults_chaotic_city
Vaults:4: v_alt_pattern_1, v_pattern_5, ontoclasm_vaults_ring_large,
          hangedman_vaults_stitches, v_misc_19,
          vaults_room_grunt_arrival_ludios, v_misc_30, vaults_room_fancy_cross,
          vaults_mumra_hexcomb, grunt_vaults_focal, vaults_dpeg_cross,
          v_rooms_4, st_lattice, nicolae_vaults_little_squares_6,
          vaults_room_hallway, layout_vaults_omnibox
Vaults:5: serial_shops, uniq_boris, uniq_xtahua, uniq_frederick, uniq_margery
Depths:1: layout_gridlike, pan_entry, hell_entry, serial_rivers,
          chequers_serial_rivers_room_b, chequers_serial_rivers_micro_d,
          chequers_serial_rivers_micro_e, chequers_serial_rivers_micro_a,
          chequers_serial_rivers_large_b, sword_in_stone
Depths:2: minmay_connected_triangles_in_corner, layout_long_grid,
          enter_ziggurat_c, nicolae_hepliaklqana_hippocampus, hell_entry,
          rand_demon_pan_entry_7, minmay_shop_grove
Depths:3: minmay_the_grid_4x2 [minmay_the_grid_spin_star,
          minmay_the_grid_square_x, minmay_the_grid_pillar_ring,
          minmay_the_grid_minigrid_small, minmay_the_grid_gridbox,
          minmay_the_grid_airy, minmay_the_grid_garden,
          minmay_the_grid_prize_diamond_cup], layout_cave_shapes,
          nicolae_abyss_entry_one_way_or_another,
          hangedman_abyss_or_decor_lesser_grid, hell_entry,
          hangedman_summoners_spam, infiniplex_staircase_spiral_double,
          uniq_grunn, uniq_parghit
Depths:4: grunt_zot_entry_gee_three, layout_gridlike, hell_entry,
          infiniplex_enter_wizlab_water, chequers_serial_rivers_micro_e,
          kilobyte_rumbling_trees, uniq_sojobo
Zot:1:    layout_misc_corridors, evilmike_ambush [evilmike_ambush_outer_basic,
          evilmike_ambush_inner_pond], grunt_megastairs_4
Zot:2:    ebering_klown_carousel, layout_basic, hangedman_swamp_dais
Zot:3:    layout_basic
Zot:4:    layout_misc_corridors, nicolae_diode_basic, uniq_josephina
Zot:5:    layout_misc_corridors, st_stairs_14

Skill      XL: |  1  2  3  4  5  6  7  8  9 10 11 12 13 14 15 16 17 18 19 20 21 22 23 24 25 26 27 |
---------------+----------------------------------------------------------------------------------+-----
Maces & Flails | 3 4 5 6 7 10 11 12 13 14 15 16 17 20 21 22 23 25 27 | 27.0
Fighting       | 4 5 6 8 9 11 14 18 19 20 21 22 24 25 27 | 27.0
Evocations     | 2 3 |  3.1
Invocations    | 2 3 9 10 11 12 13 | 13.0
Armour         | 4 8 10 12 14 17 20 22 27 | 27.0
Shields        | 12 18 20 22 27 | 27.0
Dodging        | 2 6 10 11 15 | 15.1

Action                   |  1- 3 |  4- 6 |  7- 9 | 10-12 | 13-15 | 16-18 | 19-21 | 22-24 | 25-27 || total
-------------------------+-------+-------+-------+-------+-------+-------+-------+-------+-------++-------
Melee: Flail             |    88 |   188 |   250 |    66 |       |       |       |       |       ||   592
       Great mace        |       |       |       |   450 |   939 |  1580 |  1291 |  1587 |  2436 ||  8283
       Bite              |       |       |       |       |       |   170 |   212 |   282 |   433 ||  1097
       Battleaxe         |       |       |       |       |       |       |       |       |    29 ||    29
 Fire: Sling             |       |     5 |     6 |     2 |       |       |       |       |       ||    13
       Shortbow          |       |       |       |    82 |       |       |       |       |       ||    82
Throw: Stone             |     3 |     1 |     2 |       |       |       |       |       |       ||     6
       Dart              |       |       |     1 |       |       |     3 |       |       |       ||     4
       Throwing net      |       |       |     1 |       |       |       |       |       |       ||     1
Invok: Heroism           |       |       |     3 |    13 |     9 |    13 |    17 |    30 |    24 ||   109
       Finesse           |       |       |       |     5 |     3 |     4 |     9 |     4 |    21 ||    46
       Duel              |       |       |       |       |       |       |     1 |       |     1 ||     2
 Abil: Dig               |       |       |       |       |     6 |    11 |       |     2 |     7 ||    26
Evoke: Wand              |       |       |       |     5 |       |       |       |       |       ||     5
       Tin of tremorston |       |       |       |       |     2 |       |       |       |       ||     2
  Use: Potion            |     4 |     1 |       |     1 |     2 |     1 |     5 |       |     8 ||    22
       Scroll            |     2 |     4 |     4 |     5 |    11 |     2 |     2 |     6 |    23 ||    59
 Stab: Held in net/web   |       |       |     1 |       |       |       |       |       |       ||     1
       Petrified         |       |       |       |       |     1 |     3 |       |       |       ||     4
       Distracted        |       |       |       |       |       |     1 |       |       |     1 ||     2
Armor: Scale mail        |    17 |       |       |       |       |       |       |       |       ||    17
       Chain mail        |    18 |    77 |    54 |       |       |       |       |       |       ||   149
       Plate armour      |       |       |   100 |   228 |   462 |       |       |       |       ||   790
       Leather armour    |       |       |       |       |    21 |       |       |       |       ||    21
       Crystal plate arm |       |       |       |       |    92 |   692 |   338 |   399 |   729 ||  2250
Dodge: Dodged            |    41 |    53 |    75 |   165 |   193 |   196 |   122 |   184 |   369 ||  1398
Block: Buckler           |    25 |    34 |    64 |   108 |    18 |       |       |       |       ||   249
       Tower shield      |       |       |       |       |   841 |  1541 |  1002 |  1532 |  2227 ||  7143
       Reflection        |       |       |       |       |       |     5 |    76 |    90 |    48 ||   219
